[Event "Titled Tuesday Blitz March 08 Late 2022"]
[White "Erdogdu, Mert"]
[Black "Domingo Nunez, Alejandro"]
[WhiteFideId "6301495"]
[BlackFideId "22245561"]
[WhiteElo "2485"]
[BlackElo "2215"]
[Result "0-1"]
[Round "09"]
[TimeControl "180+1"]
[Date "2022.03.08"]
[WhiteClock "0:00:10"]
[BlackClock "0:00:09"]

1. e4 g6 2. d4 Bg7 3. Nc3 c6 4. Nf3 d5 5. h3 dxe4 6. Nxe4 Nf6 7. Nxf6+ exf6 8. Bd3 O-O 9. O-O a5 10. a4 Na6 11. c3 Nc7 12. Re1 Be6 13. Bf4 Nd5 14. Bh2 Re8 15. Qd2 Qd7 16. Re2 Nb6 17. Qc2 Bd5 18. Nd2 Rxe2 19. Bxe2 Re8 20. Bd3 Bh6 21. Nf1 Qe6 22. Bc7 Bb3 23. Qb1 Nd5 24. Bg3 Nb6 25. Bc7 Nd5 26. Bh2 Kg7 27. Ng3 Nf4 28. Bf1 Qd5 29. f3 f5 30. Kh1 Bg5 31. Bg1 Nxh3 32. Bh2 Nf2+ 33. Kg1 Be3 34. Ra3 h5 35. c4 Qxd4 36. Rxb3 Ng4+ 37. Kh1 Nxh2 38. Rxe3 Rxe3 39. Qc1 Nxf1 40. Nxf1 Rd3 41. Qc2 Rd1 42. Qe2 Ra1 43. Kh2 Rb1 44. Ng3 Rxb2 45. Qe7 Qf4 46. Kh3 h4 47. Qxh4 Qxh4+ 48. Kxh4 Rb4 49. Kg5 Rxc4 50. f4 f6+ 51. Kh4 Rxf4+ 52. Kh3 Rg4 53. Ne2 Rxa4 54. Nc3 Ra3 55. g3 Rxc3 56. Kh4 g5+ 57. Kh5 Rd3 58. g4 Rh3# 0-1


[Site "https://www.chess.com"]

[Event "Titled Tuesday Blitz March 08 Late 2022"]
[White "Fishbein, Alexander"]
[Black "Salinas Herrera, Pablo"]
[WhiteFideId "2000377"]
[BlackFideId "3407128"]
[WhiteElo "2442"]
[BlackElo "2541"]
[Result "0-1"]
[Round "09"]
[TimeControl "180+1"]
[Date "2022.03.08"]
[WhiteClock "0:00:06"]
[BlackClock "0:00:07"]

1. e4 c5 2. Nf3 e6 3. d4 cxd4 4. Nxd4 a6 5. Nc3 Qc7 6. g3 d6 7. Bg2 Be7 8. O-O Nc6 9. a4 Bd7 10. Nb3 Na5 11. Bf4 Nc4 12. Rb1 Nxb2 13. Rxb2 Qxc3 14. Rb1 Qc7 15. a5 Nf6 16. Re1 e5 17. Be3 O-O 18. Bb6 Qc6 19. c4 Qxc4 20. Rc1 Qe6 21. f4 Ba4 22. Nc5 dxc5 23. Qxa4 Rac8 24. Qc4 Qxc4 25. Rxc4 Nd7 26. Bh3 Nxb6 27. axb6 Rc6 28. Rd1 Rd8 29. Rd5 exf4 30. gxf4 Rxd5 31. exd5 Rxb6 32. Bc8 Kf8 33. Kg2 Rb2+ 34. Kf3 b5 35. Re4 a5 36. Bd7 g6 37. f5 gxf5 38. Bxf5 Rxh2 39. Bd7 Rb2 40. Bc6 a4 41. Re3 h5 42. Ke4 h4 43. Ke5 Rb3 44. Re1 a3 45. d6 Bg5 46. Kd5 c4 47. d7 Rd3+ 48. Kc5 c3 49. Bxb5 Rd2 50. Kb4 a2 51. Kxc3 Rd5 52. Bc4 Bf6+ 53. Kb3 Rxd7 54. Kxa2 Rd2+ 55. Kb3 Rf2 56. Rh1 Ke7 57. Bd5 Kd6 58. Ba8 Ke5 59. Kc4 Kf4 60. Kd3 Bg5 61. Bb7 f5 62. Rb1 Kg4 63. Rb4+ Bf4 64. Rb6 h3 65. Rg6+ Bg5 66. Rg8 f4 67. Rh8 Kg3 68. Bc8 h2 69. Bb7 f3 70. Rh5 Kg4 71. Rh8 Rd2+ 72. Ke4 f2 73. Bc8+ Kg3 74. Rh3+ Kg2 75. Rh5 f1=Q 76. Rxg5+ Kf2 77. Rf5+ Ke1 78. Rxf1+ Kxf1 79. Ke3 Re2+ 0-1


[Site "https://www.chess.com"]

[Event "Titled Tuesday Blitz March 08 Late 2022"]
[White "Gadimbayli, Abdulla"]
[Black "Piesik, Piotr"]
[WhiteFideId "13404938"]
[BlackFideId "1136194"]
[WhiteElo "2311"]
[BlackElo "2190"]
[Result "1/2-1/2"]
[Round "09"]
[TimeControl "180+1"]
[Date "2022.03.08"]
[WhiteClock "0:00:28"]
[BlackClock "0:00:09"]

1. Nf3 g6 2. g3 Bg7 3. Bg2 d5 4. O-O Nf6 5. d4 O-O 6. c4 c6 7. cxd5 cxd5 8. Nc3 Ne4 9. Nxe4 dxe4 10. Nd2 Qxd4 11. Nxe4 Nc6 12. Be3 Qxd1 13. Rfxd1 Bf5 14. Nc3 Rfd8 15. h3 Nd4 16. g4 Be6 17. Bxd4 Bxd4 18. e3 Bxc3 19. bxc3 Rxd1+ 20. Rxd1 Rc8 21. Bxb7 Rxc3 22. Bd5 Bxd5 23. Rxd5 Ra3 24. Rd2 Kg7 25. Kg2 Kf6 26. Kf3 Ke5 27. Ke2 h5 28. f4+ Ke6 29. gxh5 gxh5 30. Kf3 f5 31. Ke2 h4 32. Kf3 Kf6 33. Rc2 e6 34. Rd2 Ke7 35. Rc2 Ra6 36. Rg2 Kd6 37. Rd2+ Kc5 38. Ke2 Kb4 39. Rc2 Ka3 40. Kd2 Rd6+ 41. Ke2 a5 42. Ke1 a4 43. Ke2 Rb6 44. Kd3 Rb2 45. Rc6 Kxa2 46. Rxe6 a3 47. Re5 Rh2 48. Rxf5 Rxh3 49. Rb5 Rf3 50. Ke2 Rg3 51. Kf2 Rg8 52. e4 h3 53. Rh5 Kb2 54. Rxh3 a2 55. Rh1 Rc8 56. Ke3 Rc1 57. Rh2+ Rc2 58. Rh1 Rc1 59. Rh2+ Rc2 60. Rh1 Rc1 1/2-1/2


[Site "https://www.chess.com"]

[Event "Titled Tuesday Blitz March 08 Late 2022"]
[White "Galego, Luis"]
[Black "Rosen, Eric"]
[WhiteFideId "1900072"]
[BlackFideId "2032562"]
[WhiteElo "2516"]
[BlackElo "2362"]
[Result "1-0"]
[Round "09"]
[TimeControl "180+1"]
[Date "2022.03.09"]
[WhiteClock "0:00:20"]
[BlackClock "0:00:02"]

1. d4 d5 2. c4 e6 3. Nc3 Nf6 4. Nf3 a6 5. cxd5 exd5 6. Bg5 Be7 7. e3 O-O 8. Bd3 Re8 9. O-O Nbd7 10. Rc1 c6 11. Qc2 Nf8 12. Ne5 Ng4 13. Bxe7 Qxe7 14. Nxg4 Bxg4 15. h3 Be6 16. Bf5 Ng6 17. Bxe6 Qxe6 18. b4 Nh4 19. Qe2 Qe7 20. Qg4 Rad8 21. a4 Rd6 22. g3 Ng6 23. b5 cxb5 24. axb5 a5 25. Na4 Nf8 26. b6 Rg6 27. Qf5 Qd7 28. Qxd7 Nxd7 29. Nc5 Nxb6 30. Nxb7 Nc4 31. Ra1 Ra8 32. Nc5 h5 33. h4 Rb6 34. Rfc1 Rb4 35. Rc3 a4 36. Nd3 Rb5 37. Nf4 g6 38. Nxd5 Nd2 39. Nc7 Rb1+ 40. Rxb1 Nxb1 41. Rc1 Rb8 42. Na6 a3 43. Nxb8 a2 44. d5 a1=Q 45. d6 Qb2 46. Rc8+ Kg7 47. d7 1-0


[Site "https://www.chess.com"]

[Event "Titled Tuesday Blitz March 08 Late 2022"]
[White "Gerbelli Neto, Eduardo"]
[Black "Curtis, John"]
[WhiteFideId "2103281"]
[BlackFideId "3200256"]
[WhiteElo "2178"]
[BlackElo "2203"]
[Result "1-0"]
[Round "09"]
[TimeControl "180+1"]
[Date "2022.03.09"]
[WhiteClock "0:01:08"]
[BlackClock "0:00:07"]

1. e4 e5 2. Nc3 Nf6 3. f4 d5 4. fxe5 Nxe4 5. d3 Qh4+ 6. g3 Nxg3 7. Nf3 Qh5 8. Nxd5 Nxh1 9. Nxc7+ Kd8 10. Nxa8 Be7 11. Bg2 Bh4+ 12. Kf1 Re8 13. Bf4 Nf2 14. Qe1 Nxd3 15. Qd2 Bf5 16. cxd3 Nc6 17. d4 Be4 18. Qe3 Bd5 19. Qa3 Be7 20. Qd3 g5 21. Bg3 g4 22. Nd2 Bxg2+ 23. Kxg2 Kc8 24. d5 Bc5 25. dxc6 Rd8 26. cxb7+ Kxb7 27. Qxd8 Qh3+ 28. Kh1 Qf1+ 29. Rxf1 Bb6 30. Rf6 Bxd8 31. Rxf7+ Ka6 32. e6 Ba5 33. Nc4 Bd2 34. Nxd2 Kb5 35. Rxa7 Kc5 36. Rxh7 Kd5 37. e7 Kd4 38. Rg7 Kd3 39. Nb3 Kc2 40. Rxg4 Kd1 41. e8=Q Kc2 42. h4 Kb1 43. h5 Kxa2 44. Na5 Kxb2 45. h6 Kc2 46. h7 Kd1 47. h8=Q Kc2 48. Rc4+ Kd3 49. Qd4# 1-0


[Site "https://www.chess.com"]

[Event "Titled Tuesday Blitz March 08 Late 2022"]
[White "Goltseva, Ekaterina"]
[Black "orkinyo12345"]
[WhiteFideId "24173770"]
[WhiteElo "2140"]
[BlackElo "2540"]
[Result "1-0"]
[Round "09"]
[TimeControl "180+1"]
[Date "2022.03.08"]
[WhiteClock "0:00:11"]
[BlackClock "0:00:11"]

1. d4 Nf6 2. c4 e6 3. Nc3 Bb4 4. g3 Bxc3+ 5. bxc3 Nc6 6. Bg2 O-O 7. Nf3 d6 8. O-O e5 9. Ba3 exd4 10. cxd4 Re8 11. Bb2 Na5 12. Rc1 d5 13. cxd5 Nxd5 14. Ne5 f6 15. Nd3 Bf5 16. Bxd5+ Qxd5 17. Rc5 Qe4 18. Rxa5 Bh3 19. Nf4 Bxf1 20. Qxf1 b6 21. Ra3 g5 22. Nh5 Qg6 23. g4 f5 24. d5 fxg4 25. Nf6+ Kf7 26. Nxe8 Rxe8 27. Rg3 h5 28. Qc1 Rxe2 29. Qxc7+ Re7 30. Qc1 Qf5 31. d6 Rd7 32. Qc4+ Qe6 33. Qxe6+ Kxe6 34. Ba3 b5 35. Re3+ Kd5 36. Re7 Kc6 37. Bb4 a5 38. Rxd7 Kxd7 39. Bxa5 Kxd6 40. Bd8 Kc5 41. Bxg5 Kb4 42. Be7+ Kc3 43. a3 Kb3 44. Kg2 h4 45. Bxh4 Kxa3 46. Be7+ 1-0


[Site "https://www.chess.com"]

[Event "Titled Tuesday Blitz March 08 Late 2022"]
[White "Golubka, Petro"]
[Black "Kim, Sergey"]
[WhiteFideId "14114224"]
[BlackFideId "13700570"]
[WhiteElo "2346"]
[BlackElo "2554"]
[Result "1-0"]
[Round "09"]
[TimeControl "180+1"]
[Date "2022.03.08"]
[WhiteClock "0:00:06"]
[BlackClock "0:00:07"]

1. d4 Nf6 2. Nf3 g6 3. Bg5 Bg7 4. Nbd2 d6 5. c3 c6 6. e4 Qc7 7. h3 Nbd7 8. a4 a5 9. Bc4 O-O 10. Qe2 e5 11. dxe5 Nxe5 12. Nxe5 dxe5 13. O-O-O Re8 14. g4 Be6 15. f3 Nd7 16. h4 Nc5 17. Bxe6 Nxe6 18. Be3 Nf4 19. Qc4 Rac8 20. h5 b5 21. axb5 cxb5 22. Qxb5 Rb8 23. Qc4 Qb7 24. Qa2 Nd3+ 25. Kc2 Nf4 26. hxg6 hxg6 27. Nc4 Re6 28. g5 Qa6 29. b3 Ra8 30. Qa4 Rc6 31. Rd7 Qc8 32. Rhd1 Ne6 33. R1d5 Qe8 34. Rb7 Nd8 35. Rbb5 Rac8 36. Rxa5 Qe6 37. Ra7 Qh3 38. Rxd8+ Kh7 39. Rxc8 Rxc8 40. Qd7 Qg2+ 41. Bd2 Rf8 42. Qg4 Qe2 43. Qh3+ Kg8 44. Ra1 Rd8 45. Re1 Qd3+ 46. Kb2 Ra8 47. Qf1 Qd7 48. Ra1 Rd8 49. Qe2 Qc7 50. Kc2 Qd7 51. Be3 Qc7 52. Bb6 Qd7 53. Bxd8 Qxd8 54. Qd2 Qc8 55. Rd1 Qh3 56. Qd8+ Kh7 57. Qd3 Kg8 58. Qe2 Qe6 59. b4 Bf8 60. Kb3 Qa6 61. Rd5 Qa1 62. Qc2 Qf1 63. b5 Qxf3 64. b6 Qf1 65. b7 1-0


[Site "https://www.chess.com"]

[Event "Titled Tuesday Blitz March 08 Late 2022"]
[White "Hambleton, Aman"]
[Black "Golubev, Mikhail"]
[WhiteFideId "2606577"]
[BlackFideId "14100983"]
[WhiteElo "2552"]
[BlackElo "2374"]
[Result "1-0"]
[Round "09"]
[TimeControl "180+1"]
[Date "2022.03.08"]
[WhiteClock "0:00:03"]
[BlackClock "0:00:01"]

1. d4 Nf6 2. Bf4 d6 3. e3 Nbd7 4. h3 e5 5. Bh2 exd4 6. exd4 Be7 7. Bd3 O-O 8. Nf3 Re8 9. O-O Nf8 10. Nc3 c6 11. Re1 h6 12. d5 c5 13. a4 a6 14. Nd2 Rb8 15. Nc4 b5 16. axb5 axb5 17. Na5 Bd7 18. Nc6 Bxc6 19. dxc6 c4 20. Be2 Ne6 21. Bf3 Nc7 22. Ra7 b4 23. Nd5 Nfxd5 24. Bxd5 Nxd5 25. Qxd5 Ra8 26. c7 Qc8 27. Rxa8 Qxa8 28. Qxa8 Rxa8 29. c8=Q+ Rxc8 30. Rxe7 Ra8 31. Bxd6 c3 32. bxc3 bxc3 33. Rc7 Rd8 34. Bg3 Rd1+ 35. Kh2 g5 36. Rxc3 h5 37. h4 gxh4 38. Bxh4 Rd4 39. g3 Kg7 40. Kg2 Rd2 41. Rc6 Rd1 42. c3 Rb1 43. Ra6 Rc1 44. Kh2 f5 45. Kh3 f4 46. Ra7+ Kg6 47. Ra6+ Kg7 48. Rc6 f3 49. Kh2 Rf1 50. g4 1-0


[Site "https://www.chess.com"]

[Event "Titled Tuesday Blitz March 08 Late 2022"]
[White "Hartikainen, Jarmo"]
[Black "Mangialardo, Tiago Carvalho"]
[WhiteFideId "503134"]
[BlackFideId "2130718"]
[WhiteElo "2100"]
[BlackElo "2071"]
[Result "0-1"]
[Round "09"]
[TimeControl "180+1"]
[Date "2022.03.09"]
[WhiteClock "0:00:02"]
[BlackClock "0:00:04"]

1. e4 e5 2. Nf3 Nc6 3. Bc4 Bc5 4. c3 Nf6 5. d4 exd4 6. b4 Bb6 7. e5 Ne4 8. cxd4 d5 9. Bb5 O-O 10. O-O Bg4 11. Bxc6 bxc6 12. Bb2 Re8 13. Re1 Ng5 14. Nbd2 Ne6 15. h3 Bh5 16. Qb3 Bg6 17. Rad1 Qd7 18. Nf1 a5 19. a3 Reb8 20. Ng3 Rb7 21. Bc3 axb4 22. axb4 Rba7 23. Rd2 Nd8 24. Qd1 Ne6 25. Qe2 Ra3 26. Bb2 Ra2 27. Bc3 R2a3 28. Bb2 R3a4 29. Qe3 Ra2 30. h4 Nf8 31. h5 Bf5 32. Nxf5 Qxf5 33. Bc3 Ne6 34. Rxa2 Rxa2 35. g3 Qg4 36. Kg2 Qxh5 37. Nh4 Qg5 38. Qxg5 Nxg5 39. Ra1 Rxa1 40. Bxa1 Ne4 41. Bb2 g6 0-1


[Site "https://www.chess.com"]

[Event "Titled Tuesday Blitz March 08 Late 2022"]
[White "Holt, Conrad"]
[Black "Indjic, Aleksandar"]
[WhiteFideId "2034387"]
[BlackFideId "911925"]
[WhiteElo "2586"]
[BlackElo "2616"]
[Result "0-1"]
[Round "09"]
[TimeControl "180+1"]
[Date "2022.03.08"]
[WhiteClock "0:00:01"]
[BlackClock "0:00:37"]

1. d4 Nf6 2. c4 e6 3. Nc3 d5 4. cxd5 exd5 5. Bg5 c6 6. e3 Nbd7 7. Bd3 Be7 8. Nge2 Nf8 9. Qc2 Ne6 10. Bh4 g6 11. O-O O-O 12. f3 b5 13. Rad1 Bb7 14. h3 Nh5 15. Bf2 Rc8 16. g4 Nhg7 17. Ng3 b4 18. Na4 c5 19. Nxc5 Nxc5 20. dxc5 Bxc5 21. Qd2 Re8 22. Bb5 Re6 23. e4 Qb6 24. Bd7 Qd6 25. Bxc5 Qxg3+ 26. Qg2 Qxg2+ 27. Kxg2 Rxc5 28. Bxe6 Nxe6 29. exd5 Bxd5 30. Rc1 Ra5 31. a3 bxa3 32. bxa3 Rxa3 33. Ra1 Rb3 34. Rxa7 Ng5 35. Ra5 Bxf3+ 36. Kh2 h6 37. Rfa1 Bc6 38. R1a3 Rb2+ 39. Kg3 Rg2+ 40. Kf4 Rf2+ 41. Ke5 Kg7 42. h4 Re2+ 43. Kd6 Re6+ 44. Kc7 Nf3 45. Ra6 Bd5 46. Rxe6 fxe6 47. Kd6 Nxh4 48. Ke7 Nf3 49. Ra7 Ne5 50. g5 hxg5 51. Ra1 g4 52. Rg1 Bf3 53. Kxe6 Nd3 54. Kd6 Kf6 55. Rf1 Kf5 56. Rg1 Kf4 57. Ke6 g3 58. Kf6 Ne5 59. Kg7 g5 60. Kh6 g4 61. Kh5 g2 62. Kh4 Nd3 63. Ra1 Nf2 64. Ra4+ Be4 65. Ra1 Nh3 0-1


[Site "https://www.chess.com"]

[Event "Titled Tuesday Blitz March 08 Late 2022"]
[White "Ishbaev, Alibek"]
[Black "Kopczynski, Michal"]
[WhiteFideId "14205017"]
[BlackFideId "1124200"]
[WhiteElo "2357"]
[BlackElo "2523"]
[Result "0-1"]
[Round "09"]
[TimeControl "180+1"]
[Date "2022.03.09"]
[WhiteClock "0:00:35"]
[BlackClock "0:01:26"]

1. c4 d6 2. Nc3 e5 3. g3 f5 4. Bg2 Nf6 5. d4 exd4 6. Qxd4 Nc6 7. Qd2 Be7 8. Nf3 O-O 9. O-O h6 10. b3 Be6 11. Bb2 Qd7 12. Nd4 Nxd4 13. Qxd4 c6 14. Rad1 Rad8 15. e4 f4 16. gxf4 Bh3 17. Rd3 Bxg2 18. Kxg2 Nh5 19. Ne2 Bf6 20. e5 Qg4+ 21. Ng3 dxe5 22. Qxd8 Nxf4+ 23. Kh1 Rxd8 24. Rxd8+ Bxd8 25. f3 Qh3 26. Rf2 Nd3 0-1


[Site "https://www.chess.com"]

[Event "Titled Tuesday Blitz March 08 Late 2022"]
[White "Iskusnyh, Sergei"]
[Black "Andersson, Bjorn 1971"]
[WhiteFideId "4120027"]
[BlackFideId "1702114"]
[WhiteElo "2492"]
[BlackElo "2207"]
[Result "1-0"]
[Round "09"]
[TimeControl "180+1"]
[Date "2022.03.09"]
[WhiteClock "0:00:15"]
[BlackClock "0:00:08"]

1. d4 c5 2. d5 d6 3. e4 g6 4. Bb5+ Bd7 5. a4 Bg7 6. Nf3 Na6 7. O-O Nc7 8. Be2 a6 9. a5 Nf6 10. Nbd2 O-O 11. Re1 Rb8 12. Bf1 b5 13. axb6 Rxb6 14. c3 Bb5 15. Nc4 Bxc4 16. Bxc4 Nd7 17. Bf1 Ne5 18. Nd2 e6 19. f4 Nd7 20. Nc4 exd5 21. exd5 Rb8 22. Na5 Qc8 23. Nc6 Bf6 24. Nxb8 Qxb8 25. Qa4 Nb6 26. Qc6 Ncxd5 27. Rxa6 Rc8 28. Qb5 Bd8 29. f5 Kg7 30. Qd3 Qb7 31. Qh3 h5 32. fxg6 fxg6 33. Qf3 Bf6 34. Rxb6 Qxb6 35. Qxd5 Rf8 36. Bc4 h4 37. h3 Qd8 38. Qe6 Be5 39. Qg4 Qf6 40. Be3 Bg3 41. Rf1 Qe5 42. Qe2 Rxf1+ 43. Kxf1 Qf5+ 44. Kg1 Qb1+ 45. Qf1 Qxb2 46. Qc1 Qxc1+ 47. Bxc1 Be5 48. Bd2 Kf6 49. Kf1 g5 50. Ke2 Kf5 51. Bd3+ Kf6 52. Be4 Ke6 53. c4 Kf6 54. Kf3 Bg3 55. Kg4 Ke5 56. Bd5 Kd4 57. Bxg5 Kd3 58. Bxh4 1-0


[Site "https://www.chess.com"]

[Event "Titled Tuesday Blitz March 08 Late 2022"]
[White "Jaferian, Koosha"]
[Black "Kushko, Dmitriy"]
[WhiteFideId "12507440"]
[BlackFideId "14162261"]
[WhiteElo "2030"]
[BlackElo "2225"]
[Result "1/2-1/2"]
[Round "09"]
[TimeControl "180+1"]
[Date "2022.03.08"]
[WhiteClock "0:00:58"]
[BlackClock "0:00:07"]

1. Nf3 g6 2. b3 Bg7 3. d4 Nf6 4. Bb2 O-O 5. g3 d5 6. Bg2 c6 7. c4 Ne4 8. O-O Bf5 9. e3 Nd7 10. Nh4 Be6 11. Qe2 Nd6 12. Nd2 f5 13. Nhf3 h6 14. Ne5 Kh7 15. f4 Ne4 16. Rfd1 Nxd2 17. Rxd2 Nf6 18. Rc1 Ne4 19. Rdd1 Rc8 20. Nd3 b6 21. Nf2 Nf6 22. h3 Qd7 23. g4 fxg4 24. hxg4 Nxg4 25. Bf3 Nxf2 26. Kxf2 Bf5 27. Rh1 Qe6 28. Rcg1 Rcd8 29. cxd5 cxd5 30. Bg4 Rc8 31. Bxf5 Qxf5 32. Rc1 Qe4 33. Rxc8 Rxc8 34. Rc1 Rxc1 35. Bxc1 Bf6 36. Ke1 h5 37. Kd2 Qb1 38. Qa6 h4 39. Qxa7 h3 40. Qd7 Qxa2+ 41. Kc3 Qg2 42. Ba3 h2 43. Bxe7 Bxe7 44. Qxe7+ Kh6 45. Qh4+ Kg7 46. Qe7+ Kg8 47. Qe8+ Kg7 48. Qe7+ Kh6 49. Qh4+ Kg7 50. Qe7+ 1/2-1/2


[Site "https://www.chess.com"]

[Event "Titled Tuesday Blitz March 08 Late 2022"]
[White "Kaganskiy, Gleb"]
[Black "Chernomordik, Pavel"]
[WhiteFideId "4132025"]
[BlackFideId "2804530"]
[WhiteElo "2165"]
[BlackElo "2249"]
[Result "0-1"]
[Round "09"]
[TimeControl "180+1"]
[Date "2022.03.09"]
[WhiteClock "0:01:26"]
[BlackClock "0:02:00"]

1. e4 g6 2. d4 Bg7 3. Nc3 d6 4. Nf3 a6 5. Be3 b5 6. Qd2 Bb7 7. Bd3 Nd7 8. h4 h6 9. O-O-O c5 10. Kb1 Qc7 11. Nd5 Bxd5 12. exd5 c4 13. Be2 Ngf6 14. h5 g5 15. Ne5 dxe5 16. dxe5 Qxe5 17. Rhe1 Nxd5 18. Qxd5 Qxb2# 0-1


[Site "https://www.chess.com"]

[Event "Titled Tuesday Blitz March 08 Late 2022"]
[White "Kamsky, Gata"]
[Black "Van Foreest, Jorden"]
[WhiteFideId "2000024"]
[BlackFideId "1039784"]
[WhiteElo "2645"]
[BlackElo "2609"]
[Result "1-0"]
[Round "09"]
[TimeControl "180+1"]
[Date "2022.03.08"]
[WhiteClock "0:00:14"]
[BlackClock "0:00:01"]

1. Nf3 d5 2. g3 Nc6 3. d4 Bg4 4. Bg2 Qd7 5. h3 Bxf3 6. Bxf3 O-O-O 7. Bg2 e5 8. c3 Nf6 9. Bg5 Be7 10. Bxf6 Bxf6 11. e3 Kb8 12. Nd2 h5 13. Nb3 h4 14. Nc5 Qe7 15. Qb3 b6 16. Na6+ Kc8 17. Bxd5 Na5 18. Qb5 exd4 19. cxd4 Rh5 20. Nb4 hxg3 21. Qa6+ Kd7 22. Qb5+ Kc8 23. Qa6+ Kd7 24. Qb5+ Kd6 25. Rc1 Qd7 26. Qxd7+ Rxd7 27. Bf3 gxf2+ 28. Kxf2 Bh4+ 29. Ke2 Rb5 30. Nd3 Bf6 31. b4 Re7 32. bxa5 Bxd4 33. e4 Rxa5 34. Rc2 c5 35. Rb1 f5 36. e5+ Bxe5 37. Nxe5 Kxe5 38. Kf2 Kf6 39. Rd1 Ra3 40. Rd6+ Re6 41. Rxe6+ Kxe6 42. h4 Kf6 43. Kg3 g5 44. hxg5+ Kxg5 45. Rd2 Kf6 46. Rd6+ Ke5 47. Rd5+ Ke6 48. Rd2 c4 49. Kf4 b5 50. Bd5+ Kf6 51. Re2 Ra6 52. Rh2 Ke7 53. Ke5 1-0


[Site "https://www.chess.com"]

[Event "Titled Tuesday Blitz March 08 Late 2022"]
[White "Khabinets, Ivan"]
[Black "Romero Ruscalleda, Josep"]
[WhiteFideId "14115980"]
[BlackFideId "2231859"]
[WhiteElo "2515"]
[BlackElo "2344"]
[Result "1-0"]
[Round "09"]
[TimeControl "180+1"]
[Date "2022.03.09"]
[WhiteClock "0:01:23"]
[BlackClock "0:00:13"]

1. Nf3 g6 2. e4 Bg7 3. d4 d6 4. Bc4 e6 5. Qe2 Ne7 6. Bb3 Nd7 7. O-O O-O 8. c3 b6 9. a4 a5 10. Re1 Nf6 11. e5 Nfd5 12. exd6 Qxd6 13. Nbd2 Ba6 14. Bc4 Nf4 15. Qf1 Bb7 16. Ne4 Bxe4 17. Rxe4 Nfd5 18. Bg5 Rfe8 19. Rae1 c6 20. Bh4 Nf5 21. Bg5 h6 22. Bc1 Kh7 23. Ne5 Nf6 24. Nxf7 Qc7 25. Rxe6 Rxe6 26. Bxe6 Ng4 27. g3 Rf8 28. Bf4 Qe7 29. Bxf5 Qxf7 30. Bxg4 1-0


[Site "https://www.chess.com"]

[Event "Titled Tuesday Blitz March 08 Late 2022"]
[White "Koellner, Ruben Gideon"]
[Black "Ibarra Jerez, Jose Carlos"]
[WhiteFideId "12993093"]
[BlackFideId "2226332"]
[WhiteElo "2464"]
[BlackElo "2626"]
[Result "0-1"]
[Round "09"]
[TimeControl "180+1"]
[Date "2022.03.08"]
[WhiteClock "0:00:12"]
[BlackClock "0:00:12"]

1. d4 Nf6 2. Bg5 d5 3. e3 c5 4. Bxf6 gxf6 5. dxc5 e6 6. c4 dxc4 7. Nd2 c3 8. bxc3 Bxc5 9. Qh5 f5 10. Ngf3 Qf6 11. Rb1 O-O 12. Be2 Nc6 13. O-O Qg6 14. Qh4 b6 15. e4 fxe4 16. Nxe4 Be7 17. Qf4 Bb7 18. Ng3 Rac8 19. Rfd1 Rfd8 20. h4 h6 21. h5 Qf6 22. Qe3 Bc5 23. Ne4 Bxe3 24. Nxf6+ Kg7 25. fxe3 Kxf6 26. Kf2 Ne7 27. c4 Nf5 28. g4 Nd6 29. Rbc1 Ne4+ 30. Kg2 Rg8 31. Rd7 Rxg4+ 32. Kh2 Rcg8 33. Bf1 Nc5 34. Rxb7 Nxb7 35. Bh3 Rg3 36. Rf1 Ke7 37. Ne5 Nd6 38. Rf3 Rxf3 39. Nxf3 Nxc4 40. e4 Nd6 41. e5 Nf5 42. Bxf5 exf5 43. Nh4 Ke6 44. Nf3 Rg4 45. Kh3 Re4 46. Kg3 Re3 47. Kf4 Rxf3+ 48. Kxf3 Kxe5 49. Ke3 f4+ 50. Kf3 Kf5 51. a3 b5 52. Kf2 Kg4 53. Kg2 Kxh5 54. Kf3 Kg5 55. Kf2 Kg4 56. Kg2 h5 57. Kf2 h4 58. a4 bxa4 0-1


[Site "https://www.chess.com"]

[Event "Titled Tuesday Blitz March 08 Late 2022"]
[White "Korchmar, Vasiliy"]
[Black "Risteski, Emil"]
[WhiteFideId "24131750"]
[BlackFideId "15005267"]
[WhiteElo "2370"]
[BlackElo "2070"]
[Result "0-1"]
[Round "09"]
[TimeControl "180+1"]
[Date "2022.03.08"]
[WhiteClock "0:00:02"]
[BlackClock "0:00:15"]

1. e4 d6 2. d4 Nf6 3. Nc3 e5 4. Nf3 Nbd7 5. Bc4 Be7 6. O-O O-O 7. Re1 c6 8. a4 a5 9. h3 Nb6 10. Ba2 Nfd7 11. dxe5 dxe5 12. Qd3 Qc7 13. Nh2 Nc5 14. Qg3 Kh8 15. Nf3 f6 16. Nh4 Be6 17. Nf5 g6 18. Bh6 Rf7 19. Nxe7 Qxe7 20. Bxe6 Nxe6 21. Ne2 g5 22. h4 Rg8 23. hxg5 Rg6 24. Qh2 Nc4 25. b3 Nd6 26. Ng3 fxg5 27. Rad1 Qf6 28. Nf5 Nxf5 29. exf5 Rxh6 30. Qg3 Nf4 31. Qc3 Nd5 32. Qg3 Qxf5 33. Rxe5 Qf4 34. Qxf4 gxf4 35. c4 Nb4 36. Rxa5 Kg7 37. Rg5+ Rg6 38. Re5 f3 39. g3 Na6 40. c5 Nc7 41. b4 Nd5 42. b5 Kf6 43. Re4 Nc3 44. Rd6+ Kg7 45. Rb4 Ne2+ 46. Kf1 Rxd6 47. cxd6 Rd7 48. bxc6 bxc6 0-1


[Site "https://www.chess.com"]

[Event "Titled Tuesday Blitz March 08 Late 2022"]
[White "Kosakowski, Jakub"]
[Black "Cori T., Deysi"]
[WhiteFideId "1185080"]
[BlackFideId "3801934"]
[WhiteElo "2476"]
[BlackElo "2341"]
[Result "1-0"]
[Round "09"]
[TimeControl "180+1"]
[Date "2022.03.08"]
[WhiteClock "0:01:45"]
[BlackClock "0:02:13"]

1. d4 f5 2. Nc3 Nf6 3. Bg5 g6 4. h4 d6 5. h5 Nxh5 6. Rxh5 gxh5 7. e4 fxe4 8. Qxh5+ Kd7 9. Bc4 c6 10. d5 Bg7 11. Nxe4 cxd5 12. Bxd5 Qa5+ 13. Bd2 Qb6 14. Qg4+ Kc7 15. Qxg7 Re8 16. Nf6 Rd8 17. Qxe7+ Bd7 18. O-O-O Nc6 19. Bxc6 bxc6 20. Bf4 Rab8 21. Bxd6+ Kb7 22. Bxb8 1-0


[Site "https://www.chess.com"]

[Event "Titled Tuesday Blitz March 08 Late 2022"]
[White "Kostiukov, Alexandr"]
[Black "Dias, Joao Batista"]
[WhiteFideId "14108100"]
[BlackFideId "2108240"]
[WhiteElo "2202"]
[BlackElo "1898"]
[Result "1-0"]
[Round "09"]
[TimeControl "180+1"]
[Date "2022.03.09"]
[WhiteClock "0:00:08"]
[BlackClock "0:00:30"]

1. e4 e6 2. g3 d5 3. d3 dxe4 4. dxe4 Qxd1+ 5. Kxd1 Bc5 6. f3 Nc6 7. Bg2 Nf6 8. Nd2 O-O 9. c3 Rb8 10. Kc2 b5 11. a3 Na5 12. b4 Bxg1 13. Rxg1 Nb7 14. a4 a6 15. axb5 axb5 16. Nb3 Nd7 17. Be3 Nd6 18. Ra7 Nc4 19. Bc1 Rb7 20. Ra8 Ndb6 21. Ra1 Bd7 22. Nc5 Bc6 23. Nxb7 Bxb7 24. Ra7 Rb8 25. Rd1 h6 26. Bf1 Kh7 27. Rd3 Ne5 28. Re3 Nc6 29. Ra1 Nc4 30. Bxc4 bxc4 31. f4 g6 32. Bd2 Ne7 33. h4 Rd8 34. Ra7 Rb8 35. g4 Kg7 36. f5 gxf5 37. exf5 Kf6 38. fxe6 fxe6 39. Re2 e5 40. Bxh6 Nd5 41. Bg5+ Ke6 42. Rf2 Bc6 43. Ra5 Re8 44. Rc5 Kd7 45. b5 Bb7 46. Rf7+ Kd6 47. Rxc4 e4 48. Kd1 e3 49. Ke1 e2 50. Rd4 Kc5 51. Rf5 c6 52. bxc6 Bxc6 53. Rd2 Re4 54. Be7+ Kc4 55. Bb4 Rxg4 56. Rd4+ Kb3 57. Rxg4 Ne3 58. Rgf4 Nxf5 59. Rxf5 Kc2 60. Kxe2 Kb3 61. Ke3 Bd7 62. Rg5 Be6 63. h5 Kc4 64. h6 Bg8 65. Rxg8 Kd5 66. h7 Ke6 67. h8=Q Kf7 68. Qg7+ 1-0


[Site "https://www.chess.com"]

[Event "Titled Tuesday Blitz March 08 Late 2022"]
[White "Kujawski, Adam"]
[Black "Przybylski, Wojciech"]
[WhiteFideId "1100920"]
[BlackFideId "1117599"]
[WhiteElo "2053"]
[BlackElo "2133"]
[Result "1-0"]
[Round "09"]
[TimeControl "180+1"]
[Date "2022.03.09"]
[WhiteClock "0:00:03"]
[BlackClock "0:00:06"]

1. e4 e5 2. Nf3 Nc6 3. Bb5 Nf6 4. O-O Nxe4 5. d4 Nd6 6. Bg5 Be7 7. Bxc6 Bxg5 8. Bd5 e4 9. Nxg5 Qxg5 10. Nc3 f5 11. f3 c6 12. Bb3 Rf8 13. Qe2 Qe7 14. Rae1 Rf6 15. fxe4 Nxe4 16. Nxe4 fxe4 17. Rxf6 gxf6 18. Qh5+ Kd8 19. d5 d6 20. dxc6 bxc6 21. Qa5+ Kd7 22. Qb4 d5 23. Qd4 Qe5 24. Qc5 Bb7 25. Rd1 Qd6 26. Qe3 Re8 27. c4 Re5 28. cxd5 cxd5 29. Qxa7 Qc6 30. Ba4 Ke6 31. Bxc6 Bxc6 32. Qc5 Bd7 33. Qb6+ Kf7 34. Rf1 e3 35. Qxf6+ Ke8 36. Qf8# 1-0


[Site "https://www.chess.com"]